 Dungeon Crawl Stone Soup version 0.21-a0-394-gdc75ea7 (webtiles) character file.

445 KristoblXynda the Charlatan (level 6, -1/47 HPs)
             Began as a Draconian Artificer on Oct 18, 2017.
             Slain by a big kobold
             ... wielding a +0 dagger
              (2 damage)
             ... on level 3 of the Dungeon.
             The game lasted 00:08:05 (2747 turns).

KristoblXynda the Charlatan (Draconian Artificer)   Turns: 2747, Time: 00:08:06

Health: -1/47      AC:  9    Str: 14    XL:     6   Next: 72%
Magic:  9/9        EV: 13    Int: 14    God:
Gold:   105        SH:  0    Dex: 11    Spells: 5/5 levels left

rFire    . . .     SeeInvis .   m - +4 trident (freeze)
rCold    . . .     Gourm    .   (no shield)
rNeg     . . .     Faith    .   (armour unavailable)
rPois    .         Spirit   .   (helmet restricted)
rElec    .         Reflect  .   (no cloak)
rCorr    .         Harm     .   p - +2 pair of gloves
MR       .....                  (no boots)
Stlth    ++........             (no amulet)
HPRegen  0.15/turn              (no ring)
MPRegen  0.11/turn              (no ring)

@: lethally poisoned (-1 -> -4), very slightly contaminated
A: unfitting armour, cold-blooded, AC +6
a: no special abilities


You were on level 3 of the Dungeon.
You were not hungry.

You visited 1 branch of the dungeon, and saw 3 of its levels.

You collected 105 gold pieces.

Inventory:

Hand Weapons
 m - a +4 trident of freezing (weapon)
Armour
 j - a +0 large shield
 p - a +2 pair of gloves (worn)
Wands
 b - a wand of flame (5/48)
 c - a wand of enslavement (8/24)
 d - a wand of random effects (1/48)
Scrolls
 h - 3 scrolls of remove curse
 o - a scroll of magic mapping {unknown}
Potions
 a - 2 potions of magic {unknown}
 e - 2 potions of lignification
 n - a potion of ambrosia {unknown}
 q - a potion of invisibility
Comestibles
 f - 3 bread rations
 g - 3 meat rations
 l - 2 fruits


   Skills:
 - Level 1.1 Fighting
   Level 3.1 Short Blades
 + Level 1.9 Polearms
 + Level 3.9 Dodging
 - Level 2.0 Stealth
 + Level 4.8 Evocations


You had 5 spell levels left.
You didn't know any spells.

Dungeon Overview and Level Annotations

Branches:
Dungeon (3/15)

Altars:
Gozag
The Shining One


Innate Abilities, Weirdness & Mutations

Your plain brown scales are hard. (AC +6)
You cannot fit into any form of body armour.
You are cold-blooded and may be slowed by cold attacks.


Message History

The stone completely misses the big kobold.
The stone hits you but does no damage.
Your big kobold hits the hobgoblin with a short sword.
The big kobold barely misses you.
The gnoll barely misses your big kobold.
Evoke which item? (* to show all) (? for menu, Esc to quit)
Aiming: Random Effects
Press: ? - help, Shift-Dir - straight line, f/p - big kobold
Aim: a big kobold, wielding a dagger (moderately wounded)
The mass of ice explodes!
The iceblast engulfs the big kobold.
The big kobold is almost dead.
The iceblast engulfs you!
* * * LOW HITPOINT WARNING * * *
The iceblast engulfs the hobgoblin.
You kill the hobgoblin!
This wand has 1 charge left.
* * * LOW HITPOINT WARNING * * *
You feel sick.
The big kobold throws a stone.
The stone hits your big kobold. The big kobold hits you with a dagger.
You die...

### ################ ########
..# .#.......#.....##
##......# ..#
.#.......'......###..(....#
..#
.#########.......#........##'#
..#.......)......#.K.).)...).#
..'.......))))..@KK((K).)...g#
..#....(.........#K.gK.....).#
.#########.......#........##'#
.#.....))'......###.......#


KK# .#.....))#.....## ##......# KK# ################ ######## ..# ..≈≈≈≈≈≈≈ ###
..≈≈≈≈≈≈≈ ..≈≈≈≈≈≈≈ You could see 3 big kobolds, a gnoll, a kobold and 2
friendly big kobolds.

Vanquished Creatures
  Sigmund (D:2)
  The ghost of KristoblXynda the Sneak, an amateur SpEn (D:3)
  Terence (D:2)
  A worker ant (D:2)
  3 gnolls (D:3)
  3 adders
  An ooze (D:1)
  A worm (D:2)
  A dart slug (D:3)
  5 leopard geckos
  2 giant cockroaches
  16 goblins
  14 hobgoblins
  A quokka (D:3)
  2 ball pythons
  6 bats
  3 frilled lizards (D:2)
  3 kobolds
  4 rats
69 creatures vanquished.

Vanquished Creatures (collateral kills)
  A gnoll (D:3)
  A dart slug (D:2)
  A goblin (D:3)
  A hobgoblin (D:2)
  A bat (D:2)
  A frilled lizard (D:2)
6 creatures vanquished.

Vanquished Creatures (others)
  A gnoll (D:3)
  A hobgoblin (D:2)
2 creatures vanquished.

Grand Total: 77 creatures vanquished

Notes
Turn   | Place    | Note
-------+----------+-------------------------------------------
     0 | D:1      | KristoblXynda the Draconian Artificer began the quest for the Orb.
     0 | D:1      | Reached XP level 1. HP: 16/16 MP: 3/3
    30 | D:1      | Reached skill level 1 in Stealth
   171 | D:1      | Reached XP level 2. HP: 10/23 MP: 4/4
   406 | D:1      | Found a glowing golden altar of the Shining One.
   682 | D:2      | Noticed Terence
   756 | D:2      | Reached XP level 3. HP: 6/28 MP: 5/5
  1232 | D:2      | Noticed Sigmund
  1243 | D:2      | Killed Sigmund
  1243 | D:2      | Reached skill level 4 in Evocations
  1243 | D:2      | Reached XP level 4. HP: 28/35 MP: 5/7
  1243 | D:2      | Reached XP level 5. HP: 32/40 MP: 5/8
  1254 | D:2      | Killed Terence
  1407 | D:2      | Found an opulent altar of Gozag.
  1873 | D:3      | Noticed KristoblXynda's ghost (amateur SpEn)
  1954 | D:3      | Killed KristoblXynda's ghost
  1954 | D:3      | Reached skill level 1 in Polearms
  1954 | D:3      | Reached XP level 6. HP: 28/47 MP: 9/9
  2747 | D:3      | HP: 2/47 [shot self (18)]
  2747 | D:3      | Slain by a big kobold

Vault maps used:
D:1:      dpeg_arrival_simpleton_b, tso_altar
D:2:      first_bread, grunt_gozag_statues, uniq_terence, uniq_sigmund
D:3:      minmay_goblin_kobold_castle, nemelex_spade_bored_becter

Skill      XL: |  1  2  3  4  5 |
---------------+----------------+-----
Stealth        | 1 2 |  2.0
Dodging        | 2 3 |  3.9
Short Blades   | 3 |  3.1
Evocations     | 4 |  4.8
Polearms       | 1 |  1.9
Fighting       | |  1.1

Action                   |  1- 3 |  4- 6 || total
-------------------------+-------+-------++-------
Melee: Short sword       |    88 |    11 ||    99
       Tailslap          |     5 |     9 ||    14
       Trident           |       |   104 ||   104
Evoke: Wand              |    12 |    19 ||    31
  Use: Potion            |     1 |       ||     1
       Scroll            |       |    10 ||    10
 Stab: Sleeping          |     3 |     1 ||     4
  Eat: Chunk             |     1 |     4 ||     5
       Fruit             |       |     1 ||     1
Armor: Skin              |    32 |    75 ||   107
Dodge: Dodged            |    88 |   165 ||   253

Table legend:
 A = Spawn XP
 B = Non-spawn XP
 C = Spawn XP percentage of total XP
 D = Spawn monster count
 E = Non-spawn monster count
 F = Spawn count percentage of total count
 G = Total turns spent on level
                    A         B        C        D         E        F      G
               +---------+---------+-------+---------+---------+-------+---------
         Total |       0 |     637 |   0.0 |       0 |      76 |   0.0 |  2747
               +---------+---------+-------+---------+---------+-------+---------
           D:1 |       0 |      33 |   0.0 |       0 |      17 |   0.0 |   673
           D:2 |       0 |     331 |   0.0 |       0 |      25 |   0.0 |  1198
           D:3 |       0 |     273 |   0.0 |       0 |      34 |   0.0 |   876
               +---------+---------+-------+---------+---------+-------+---------
